 Dungeon Crawl Stone Soup version 0.30.1-3-gfc49f6343a (webtiles) character file.

Game seed: 7019869292798055232

37 H0rd4k the Charlatan (level 3, 0/23 HPs)
             Began as an Octopode Artificer on Aug 1, 2023.
             Slain by a goblin
             ... wielding a +0 club
             ... led by Robin
              (6 damage)
             ... on level 2 of the Dungeon.
             The game lasted 00:00:55 (1039 turns).

H0rd4k the Charlatan (Octopode Artificer)           Turns: 1039, Time: 00:00:56

Health: 0/23       AC:  1    Str: 11    XL:     3   Next: 41%
Magic:  3/3        EV: 13    Int: 15    God:
Gold:   39         SH:  0    Dex: 12    Spells: 2/2 levels left

rFire   . . .        (no weapon)
rCold   . . .        (no shield)
rNeg    . . .        (helmet restricted)
rPois   .            (no amulet)
rElec   .            (no ring)
rCorr   .            (no ring)
SInv    .            (no ring)
Will    .....        (no ring)
Stlth   +++          (no ring)
HPRegen 0.23/turn    (no ring)
MPRegen 0.08/turn    (no ring)
                     (no ring)

%: no passive effects
@: no status effects
A: almost no armour, amphibious, 8 rings, camouflage 1, gelatinous body 1,
(nimble swimmer 1), tentacles
a: no special abilities


You were on level 2 of the Dungeon.
You visited 1 branch of the dungeon, and saw 2 of its levels.

You collected 39 gold pieces.

Inventory:

Wands
 b - a wand of flame (12) (quivered)
 c - a wand of charming (15)
 d - a wand of iceblast (5)
Scrolls
 e - a scroll of summoning {unknown}
 f - a scroll of blinking {unknown}
 g - a scroll of identify {unknown}
 h - a scroll of magic mapping {unknown}
 i - 3 scrolls of fog {unknown}
Potions
 a - a potion of heal wounds {unknown}


   Skills:
 + Level 1.0 Fighting
 + Level 3.0 Dodging
 + Level 2.2 Stealth
 + Level 0.4 Unarmed Combat
 + Level 4.0 Evocations


You had 2 spell levels left.
You didn't know any spells.
Your spell library contained the following spells:

 Spells                   Type           Power      Damage    Failure   Level
 Beastly Appendage        Tmut           0%         N/A       26%         1
 Wereblood                Tmut           0%         N/A       38%         2
 Spider Form              Tmut/Pois      0%         N/A       63%         3


Dungeon Overview and Level Annotations

Branches:
Dungeon (2/15)

Altars:

Annotations:
D:2 Robin


Innate Abilities, Weirdness & Mutations

You cannot wear most types of armour.
You are amphibious.
You can wear up to eight rings at the same time.
Your skin changes colour to match your surroundings (Stealth+).
Your rubbery body absorbs attacks. (AC +1, EV +1)
((You are camouflaged when in or above water. (Stealth+)))
You have tentacles for arms and can constrict up to eight enemies at once.


Message History

The hobgoblin completely misses you.
You tentacle-slap the hobgoblin. You grab the hobgoblin.
The hobgoblin is severely wounded.
You constrict the hobgoblin. The hobgoblin closely misses you.
You tentacle-slap the hobgoblin but do no damage.
You squeeze the hobgoblin.
You kill the hobgoblin!
HP restored.
You see here 6 large rocks.
A goblin is nearby!
The goblin shouts!
You hear a shout!
Robin shouts!
You hear a shout! x3
Robin roars a battlecry!
The goblin goes into a battle-frenzy!
You tentacle-slap Robin. You grab Robin. You squeeze Robin, but do no damage.
Robin is lightly wounded.
You constrict Robin. Robin hits you with a +0 mace.
You tentacle-slap Robin but do no damage.
Your squeeze misses Robin.
Robin is lightly wounded.
You constrict Robin. Robin hits you with a +0 mace.
A goblin comes into view. It is wielding a +0 club.
The goblin hits you with a +0 dagger.
You tentacle-slap Robin but do no damage.
Robin is moderately wounded.
You constrict Robin.
Robin roars a battlecry!
The goblins go into a battle-frenzy!
The goblin hits you with a +0 dagger.
You hear a shout!
You release your grip on Robin.
The goblin attacks as you move away! The goblin hits you with a +0 dagger.
You hear a shout!
A goblin comes into view. It is wielding a +0 dagger.
You barely miss the goblin. Your grab misses the goblin.
The goblin hits you with a +0 dagger.
You closely miss the goblin. Your grab misses the goblin.
Robin throws the goblin at you!
* * * LOW HITPOINT WARNING * * *
The goblin hits you with a +0 club.
You die...

##.........# ..#+###
##..#.##+#####.....#
.#....†.........>..#
...#.####.####.....#
.....# #.# #g....#
##...####.####.....#
.[...##....g.g.g...#
#.#.###.#.####.#g###
...............#@#
#.##......###..#g#
....#...#...#..#(#
#.#.#.####..#..#.#
#.#.#. #...#..#.#
....# #......#.#
#.### #........# #.#
#.#.#.#### #.#
#.#.#>######


You could see Robin and 3 goblins.

Vanquished Creatures
  An adder (D:2)
  2 dart slugs
  A giant cockroach (D:1)
  3 hobgoblins (D:2)
  A kobold (D:1)
  A quokka (D:1)
  3 ball pythons
  3 bats (D:1)
  3 frilled lizards (D:1)
  4 goblins
  2 rats
24 creatures vanquished.

Notes
Turn   | Place    | Note
-------+----------+-------------------------------------------
     0 | D:1      | H0rd4k the Octopode Artificer began the quest for the Orb.
     0 | D:1      | Reached XP level 1. HP: 13/13 MP: 1/1
   263 | D:1      | Reached XP level 2. HP: 10/18 MP: 2/2
   898 | D:2      | Reached skill level 4 in Evocations
   898 | D:2      | Reached XP level 3. HP: 23/23 MP: 3/3
   950 | D:2      | Noticed Robin
  1039 | D:2      | Slain by a goblin

Illustrated notes

Levels and vault maps discovered:
D:1:      moated_graveyard_arrival, layout_basic
D:2:      layout_basic, basic_altar, supply_closet_lemuel, uniq_robin,
          uniq_sigmund

Skill      XL: |  1  2  3 |
---------------+----------+-----
Stealth        | 2 |  2.2
Evocations     | 4 |  4.0
Dodging        | 3 |  3.0
Fighting       | |  1.0
Unarmed Combat | |  0.4

Action                     || total
---------------------------++-------
  Melee: Unarmed           ||    55
         Constrict         ||    13
         Tentacles         ||    12
         Punch             ||     1
  Evoke: Wand              ||     3
   Stab: Sleeping          ||     5
 Armour: Skin              ||     6
  Dodge: Dodged            ||    26
